| TOP OF THE 1ST |
|
Delmarva Shorebirds batting - Pitching for Lansing Lugnuts : RHP Edward Saunders
|
|
Pitching: RHP Edward Saunders
|
|
|
Batting: RHB Michel Kamphuis
|
0-0: Ball 1-0: Ball 2-0: Called Strike 2-1: Swinging Strike 2-2: Foul Ball, location: 2F 2-2: Foul Ball, location: 2F 2-2: Ball 3-2: Foul Ball, location: 2F 3-2: Strikes out swinging
|
|
Batting: LHB Andrew Erens
|
0-0: Ball 1-0: Ball 2-0: Ball 3-0: Base on Balls
|
|
Batting: LHB Raul Rojas
|
0-0: Ball 1-0: Called Strike 1-1: Ball 2-1: Foul Ball, location: 2F 2-2: Foul Ball, location: 2F 2-2: Grounds into double play, 6-4-3 (Groundball, 6, EV 83.1 MPH)
|
| Top of the 1st over - 0 runs, 0 hits, 0 errors, 0 left on base; Delmarva 0 - Lansing 0 |
| BOTTOM OF THE 1ST |
|
Lansing Lugnuts batting - Pitching for Delmarva Shorebirds : RHP Tim Kull
|
|
Pitching: RHP Tim Kull
|
|
|
Batting: RHB Bryan Westray
|
0-0: Ball 1-0: Foul Ball, location: 2F 1-1: Ground out 6-3 (Groundball, P, EV 91.3 MPH)
|
|
Batting: RHB Finn Ross
|
0-0: Fly out, F9 (Flyball, 89S, EV 73.1 MPH)
|
|
Batting: LHB David Ramirez
|
0-0: Called Strike 0-1: Ball 1-1: SOLO HOME RUN (Flyball, 89XD, EV 99.4 MPH), Distance : 409 ft
|
|
Batting: SHB Jose Garcia
|
0-0: Called Strike 0-1: Swinging Strike 0-2: Strikes out looking
|
| Bottom of the 1st over - 1 run, 1 hit, 0 errors, 0 left on base; Delmarva 0 - Lansing 1 |
| TOP OF THE 2ND |
|
Delmarva Shorebirds batting - Pitching for Lansing Lugnuts : RHP Edward Saunders
|
|
Batting: SHB Justin Toth
|
0-0: Called Strike 0-1: Foul Ball, location: 2F 0-2: Foul Ball, location: 2F 0-2: Fly out, F9 (Flyball, 9, EV 90.0 MPH)
|
|
Batting: RHB Alex Jacobo
|
0-0: Called Strike 0-1: Ball 1-1: Swinging Strike 1-2: Ball 2-2: Foul Ball, location: 2F 2-2: Ball 3-2: Strikes out swinging
|
|
Batting: RHB Willie Manrique
|
0-0: Ball 1-0: Called Strike 1-1: Foul Ball, location: 2F 1-2: Foul Ball, location: 2F 1-2: Ball 2-2: Ball 3-2: Base on Balls
|
|
Batting: RHB Jon Zimmerman
|
0-0: Ball 1-0: Called Strike 1-1: Swinging Strike 1-2: Strikes out swinging
|
| Top of the 2nd over - 0 runs, 0 hits, 0 errors, 1 left on base; Delmarva 0 - Lansing 1 |
| BOTTOM OF THE 2ND |
|
Lansing Lugnuts batting - Pitching for Delmarva Shorebirds : RHP Tim Kull
|
|
Batting: RHB Takanibu Kaneshiro
|
0-0: Foul Ball, location: 2F 0-1: Called Strike 0-2: Strikes out swinging
|
|
Batting: LHB Dan Martinez
|
0-0: Ball 1-0: TRIPLE (Flyball, 78XD, EV 97.5 MPH)
|
|
Batting: LHB Roger Escareno
|
0-0: Ball 1-0: Called Strike 1-1: SINGLE (Groundball, 4MD, EV 96.9 MPH) Dan Martinez scores
|
|
Batting: RHB Luis Reyes
|
0-0: Ball Roger Escareno is caught stealing 2nd base 2-4 1-0: Called Strike 1-1: Fly out, F9 (Flyball, 9LS, EV 86.9 MPH)
|
| Bottom of the 2nd over - 1 run, 2 hits, 0 errors, 0 left on base; Delmarva 0 - Lansing 2 |
| TOP OF THE 3RD |
|
Delmarva Shorebirds batting - Pitching for Lansing Lugnuts : RHP Edward Saunders
|
|
Batting: RHB Mario Luna
|
0-0: Called Strike 0-1: Ball 1-1: Ball 2-1: Swinging Strike 2-2: Ball 3-2: Ground out 6-3 (Groundball, 6M, EV 103.1 MPH)
|
|
Batting: RHB Adam Swimmer
|
0-0: Foul Ball, location: 2F 0-1: Ball 1-1: Swinging Strike 1-2: Ball 2-2: Foul Ball, location: 2F 2-2: Ball 3-2: Strikes out swinging
|
|
Batting: RHB Michel Kamphuis
|
0-0: Called Strike 0-1: Ball 1-1: Ball 2-1: Ground out 5-3 (Groundball, 56S, EV 90.0 MPH)
|
| Top of the 3rd over - 0 runs, 0 hits, 0 errors, 0 left on base; Delmarva 0 - Lansing 2 |
| BOTTOM OF THE 3RD |
|
Lansing Lugnuts batting - Pitching for Delmarva Shorebirds : RHP Tim Kull
|
|
Batting: RHB Darren McCarty Jr.
|
0-0: Foul Ball, location: 2F 0-1: Called Strike 0-2: Ball 1-2: Strikes out swinging
|
|
Batting: RHB Bryan Westray
|
0-0: Foul Ball, location: 2F 0-1: Foul Ball, location: 2F 0-2: Ball 1-2: Fly out, F4 (Popup, 4M, EV 73.1 MPH)
|
|
Batting: RHB Finn Ross
|
0-0: Called Strike 0-1: Foul Ball, location: 2F 0-2: Ball 1-2: Strikes out swinging
|
| Bottom of the 3rd over - 0 runs, 0 hits, 0 errors, 0 left on base; Delmarva 0 - Lansing 2 |
| TOP OF THE 4TH |
|
Delmarva Shorebirds batting - Pitching for Lansing Lugnuts : RHP Edward Saunders
|
|
Batting: LHB Andrew Erens
|
0-0: Called Strike 0-1: Ball 1-1: Ball 2-1: Ball 3-1: Called Strike 3-2: SINGLE (Line Drive, 89M, EV 107.5 MPH)
|
|
Batting: LHB Raul Rojas
|
0-0: Ball Andrew Erens steals 2nd base (no throw) 1-0: Foul Ball, location: 2F 1-1: Foul Ball, location: 2F 1-2: Ball 2-2: Strikes out swinging
|
|
Batting: SHB Justin Toth
|
0-0: Called Strike 0-1: Fly out, F8 (Flyball, 8LM, EV 90.6 MPH)
|
|
Batting: RHB Alex Jacobo
|
0-0: Ball 1-0: Called Strike 1-1: Ball 2-1: Foul Ball, location: 2F 2-2: Foul Ball, location: 2F 2-2: Foul Ball, location: 2F 2-2: Ball 3-2: Base on Balls
|
|
Batting: RHB Willie Manrique
|
0-0: Ball 1-0: SINGLE (Line Drive, 7LS, EV 98.8 MPH) Andrew Erens to third Alex Jacobo to second Runner from 3rd tries for Home, SAFE, throw by LF to home
|
|
Batting: RHB Jon Zimmerman
|
0-0: Ball 1-0: Ball 2-0: Ball 3-0: Base on Balls Alex Jacobo to third Willie Manrique to second
|
|
Batting: RHB Mario Luna
|
0-0: Ball 1-0: Swinging Strike 1-1: Ball 2-1: Called Strike 2-2: Ball 3-2: Base on Balls Alex Jacobo scores Willie Manrique to third Jon Zimmerman to second
|
|
Batting: RHB Adam Swimmer
|
0-0: Called Strike 0-1: Ball Wild Pitch! Willie Manrique scores Jon Zimmerman to third Mario Luna to second 1-1: Fly out, F4 (Popup, 4S, EV 71.9 MPH)
|
| Top of the 4th over - 3 runs, 2 hits, 0 errors, 2 left on base; Delmarva 3 - Lansing 2 |
| BOTTOM OF THE 4TH |
|
Lansing Lugnuts batting - Pitching for Delmarva Shorebirds : RHP Tim Kull
|
|
Batting: LHB David Ramirez
|
0-0: Ball 1-0: DOUBLE (Line Drive, 78D, EV 105.6 MPH)
|
|
Batting: SHB Jose Garcia
|
0-0: Ball David Ramirez steals 3rd base 1-0: Ball 2-0: Foul Ball, location: 2F 2-1: Reached on error, E4 (Groundball, 34S, EV 76.3 MPH) David Ramirez scores
|
|
Batting: RHB Takanibu Kaneshiro
|
0-0: Ball 1-0: Ball Jose Garcia steals 2nd base (no throw) 2-0: Swinging Strike 2-1: Swinging Strike 2-2: Foul Ball, location: 2F 2-2: Ball 3-2: Strikes out swinging
|
|
Batting: LHB Dan Martinez
|
0-0: Ball 1-0: Swinging Strike 1-1: Foul Ball, location: 2F 1-2: Ball 2-2: Strikes out swinging
|
|
Batting: LHB Roger Escareno
|
0-0: Swinging Strike 0-1: DOUBLE (Line Drive, 7LM, EV 106.9 MPH) Jose Garcia scores
|
|
Batting: RHB Luis Reyes
|
0-0: Foul Ball, location: 2F 0-1: Called Strike 0-2: Foul Ball, location: 2F 0-2: Ball 1-2: Ball 2-2: SINGLE (Groundball, 6D, EV 95.0 MPH) Roger Escareno to third Runner from 3rd tries for Home, SAFE, throw by LF to home
|
|
Pitching: LHP John Dyer
|
|
|
Batting: RHB Darren McCarty Jr.
|
0-0: Ball 1-0: Called Strike Luis Reyes is caught stealing 2nd base 2-4
|
| Bottom of the 4th over - 3 runs, 3 hits, 1 error, 0 left on base; Delmarva 3 - Lansing 5 |
| TOP OF THE 5TH |
|
Delmarva Shorebirds batting - Pitching for Lansing Lugnuts : RHP Edward Saunders
|
|
Batting: RHB Michel Kamphuis
|
0-0: Ball 1-0: Ball 2-0: Foul Ball, location: 2F 2-1: Ball 3-1: Foul Ball, location: 2F 3-2: Foul Ball, location: 2F 3-2: Base on Balls
|
|
Pitching: RHP Ari Lueger
|
|
|
Batting: LHB Andrew Erens
|
0-0: Ball 1-0: Called Strike 1-1: SINGLE (Groundball, 6MD, EV 103.1 MPH) Michel Kamphuis to second
|
|
Batting: LHB Raul Rojas
|
0-0: Foul Ball, location: 2F 0-1: Swinging Strike 0-2: Ball 1-2: Strikes out swinging
|
|
Batting: SHB Justin Toth
|
0-0: Foul Ball, location: 2F 0-1: Foul Ball, location: 2F 0-2: SINGLE (Groundball, 4MD, EV 102.5 MPH) Michel Kamphuis to third Andrew Erens to second Runner from 3rd tries for Home, SAFE, throw by CF to home
|
|
Batting: RHB Alex Jacobo
|
0-0: Called Strike 0-1: Ball 1-1: Called Strike 1-2: Strikes out swinging
|
|
Batting: RHB Willie Manrique
|
0-0: Called Strike 0-1: Swinging Strike 0-2: Ball 1-2: Strikes out swinging
|
| Top of the 5th over - 1 run, 2 hits, 0 errors, 2 left on base; Delmarva 4 - Lansing 5 |
| BOTTOM OF THE 5TH |
|
Lansing Lugnuts batting - Pitching for Delmarva Shorebirds : LHP John Dyer
|
|
Batting: RHB Darren McCarty Jr.
|
0-0: Ball 1-0: Called Strike 1-1: Foul Ball, location: 2F 1-2: Ball 2-2: Strikes out swinging
|
|
Batting: RHB Bryan Westray
|
0-0: Swinging Strike 0-1: Reached on error, E4 (Groundball, 4, EV 102.5 MPH)
|
|
Batting: RHB Finn Ross
|
0-0: Ball 1-0: Ball 2-0: Fly out, F9 (Flyball, 9S, EV 86.3 MPH)
|
|
Batting: LHB David Ramirez
|
Pickoff Throw to First - Error! E1 Bryan Westray to second 0-0: Ball 1-0: Ball 2-0: Foul Ball, location: 2F 2-1: Swinging Strike 2-2: Foul Ball, location: 2F 2-2: Ball 3-2: Ground out 6-3 (Groundball, 6M, EV 102.5 MPH)
|
| Bottom of the 5th over - 0 runs, 0 hits, 2 errors, 1 left on base; Delmarva 4 - Lansing 5 |
| TOP OF THE 6TH |
|
Delmarva Shorebirds batting - Pitching for Lansing Lugnuts : RHP Ari Lueger
|
|
Batting: RHB Jon Zimmerman
|
0-0: Called Strike 0-1: Ball 1-1: Ball 2-1: Foul Ball, location: 2F 2-2: Ball 3-2: SOLO HOME RUN (Line Drive, 7D, EV 99.4 MPH), Distance : 360 ft
|
|
Batting: RHB Mario Luna
|
0-0: Ball 1-0: Ground out 1-3 (Groundball, 25, EV 67.5 MPH)
|
|
Batting: RHB Adam Swimmer
|
0-0: Fly out, F7 (Flyball, 7LD, EV 105.6 MPH)
|
|
Batting: RHB Michel Kamphuis
|
0-0: Ball 1-0: Foul Ball, location: 2F 1-1: Swinging Strike 1-2: Ground out 4-3 (Groundball, 4, EV 85.0 MPH)
|
| Top of the 6th over - 1 run, 1 hit, 0 errors, 0 left on base; Delmarva 5 - Lansing 5 |
| BOTTOM OF THE 6TH |
|
Lansing Lugnuts batting - Pitching for Delmarva Shorebirds : LHP John Dyer
|
|
Batting: SHB Jose Garcia
|
0-0: SINGLE (Line Drive, 6M, EV 99.4 MPH)
|
|
Batting: RHB Takanibu Kaneshiro
|
0-0: Called Strike 0-1: Ball 1-1: Ball 2-1: Ball 3-1: Foul Ball, location: 2F 3-2: Strikes out looking
|
|
Batting: LHB Dan Martinez
|
0-0: Ball 1-0: Fielders Choice at 2nd, 1-6 (Groundball, 13S, EV 66.3 MPH)
|
|
Pinch Hitting: RHB Elliot Manfredini
|
0-0: Ball 1-0: Ball Wild Pitch! Dan Martinez to second 2-0: Called Strike 2-1: Ground out 6-3 (Groundball, 6S, EV 86.3 MPH)
|
| Bottom of the 6th over - 0 runs, 1 hit, 0 errors, 1 left on base; Delmarva 5 - Lansing 5 |
| TOP OF THE 7TH |
|
Delmarva Shorebirds batting - Pitching for Lansing Lugnuts : RHP Ari Lueger
|
|
Pitching: RHP Andres Lozano
|
|
|
Now at 3B: Elliot Manfredini
|
|
|
Batting: LHB Andrew Erens
|
0-0: Foul Ball, location: 2F 0-1: Foul Ball, location: 2F 0-2: Ball 1-2: DOUBLE (Line Drive, 7LD, EV 103.8 MPH)
|
|
Pitching: LHP Trevor Kelley
|
|
|
Batting: LHB Raul Rojas
|
0-0: Called Strike 0-1: Ball 1-1: Foul Ball, location: 2F 1-2: Strikes out swinging
|
|
Batting: SHB Justin Toth
|
0-0: Ball 1-0: Ball 2-0: Ball 3-0: Base on Balls
|
|
Batting: RHB Alex Jacobo
|
0-0: Called Strike 0-1: Foul Ball, location: 2F 0-2: Ball 1-2: Ball 2-2: Ball 3-2: Fly out, F8 (Flyball, 89S, EV 68.1 MPH)
|
|
Batting: RHB Willie Manrique
|
0-0: Fly out, F7 (Flyball, 78M, EV 84.4 MPH)
|
| Top of the 7th over - 0 runs, 1 hit, 0 errors, 2 left on base; Delmarva 5 - Lansing 5 |
| BOTTOM OF THE 7TH |
|
Lansing Lugnuts batting - Pitching for Delmarva Shorebirds : LHP John Dyer
|
|
Pitching: RHP Wayne Lammers
|
|
|
Batting: RHB Luis Reyes
|
0-0: Ball 1-0: Ball 2-0: SINGLE (Line Drive, 34D, EV 98.1 MPH)
|
|
Batting: RHB Darren McCarty Jr.
|
0-0: Ball 1-0: Bunted foul 1-1: Bunted foul 1-2: SINGLE (Flyball, 56D, EV 94.4 MPH) Luis Reyes to second
|
|
Batting: LHB Cedric Saunders
|
0-0: Swinging Strike 0-1: Called Strike Luis Reyes steals 3rd base (no throw) Darren McCarty Jr. to second 0-2: Ball 1-2: Ball 2-2: Ball 3-2: Intentional Walk
|
|
Batting: RHB Finn Ross
|
0-0: Ball 1-0: SINGLE (Groundball, 6, EV 101.9 MPH) (infield hit) Luis Reyes scores Darren McCarty Jr. to third Cedric Saunders to second
|
|
Pitching: LHP Eric Bice
|
|
|
Batting: LHB David Ramirez
|
0-0: Ball 1-0: Foul Ball, location: 2F 1-1: GRAND SLAM HOME RUN (Flyball, 7D, EV 98.1 MPH), Distance : 356 ft
|
|
Batting: SHB Jose Garcia
|
0-0: Ball 1-0: Ball 2-0: Fly out, F7 (Flyball, 78XD, EV 91.3 MPH)
|
|
Batting: RHB Takanibu Kaneshiro
|
0-0: Foul Ball, location: 2F 0-1: Ball 1-1: Swinging Strike 1-2: Ball 2-2: Strikes out swinging
|
|
Batting: LHB Dan Martinez
|
0-0: Called Strike 0-1: Foul Ball, location: 2F 0-2: Ball 1-2: Strikes out looking
|
| Bottom of the 7th over - 5 runs, 4 hits, 0 errors, 0 left on base; Delmarva 5 - Lansing 10 |
| TOP OF THE 8TH |
|
Delmarva Shorebirds batting - Pitching for Lansing Lugnuts : LHP Trevor Kelley
|
|
Batting: RHB Jon Zimmerman
|
0-0: Swinging Strike 0-1: Fly out, F8 (Line Drive, 8LM, EV 95.6 MPH)
|
|
Batting: RHB Mario Luna
|
0-0: Called Strike 0-1: Ground out 5-3 (Groundball, 56, EV 99.4 MPH)
|
|
Batting: RHB Adam Swimmer
|
0-0: Called Strike 0-1: Ground out 5-3 (Groundball, 56, EV 89.4 MPH)
|
| Top of the 8th over - 0 runs, 0 hits, 0 errors, 0 left on base; Delmarva 5 - Lansing 10 |
| BOTTOM OF THE 8TH |
|
Lansing Lugnuts batting - Pitching for Delmarva Shorebirds : LHP Eric Bice
|
|
Batting: RHB Elliot Manfredini
|
0-0: Fly out, F8 (Flyball, 8RM, EV 91.3 MPH)
|
|
Batting: RHB Luis Reyes
|
0-0: Ball 1-0: Foul Ball, location: 2F 1-1: Ground out 6-3 (Groundball, P, EV 91.9 MPH)
|
|
Batting: RHB Darren McCarty Jr.
|
0-0: DOUBLE (Line Drive, 7LM, EV 95.0 MPH)
|
|
Batting: LHB Cedric Saunders
|
0-0: Called Strike 0-1: Ball 1-1: Ball 2-1: Foul Ball, location: 2F 2-2: Strikes out swinging
|
| Bottom of the 8th over - 0 runs, 1 hit, 0 errors, 1 left on base; Delmarva 5 - Lansing 10 |
| TOP OF THE 9TH |
|
Delmarva Shorebirds batting - Pitching for Lansing Lugnuts : LHP Trevor Kelley
|
|
Batting: RHB Michel Kamphuis
|
0-0: Ball 1-0: Called Strike 1-1: Ball 2-1: Foul Ball, location: 2F 2-2: Foul Ball, location: 2F 2-2: Foul Ball, location: 2F 2-2: Strikes out swinging
|
|
Batting: LHB Andrew Erens
|
0-0: Ground out 5-3 (Groundball, 56, EV 103.1 MPH)
|
|
Batting: LHB Raul Rojas
|
0-0: Called Strike 0-1: Foul Ball, location: 2F 0-2: Ball 1-2: Ground out 5-3 (Groundball, 56, EV 84.4 MPH)
|
| Top of the 9th over - 0 runs, 0 hits, 0 errors, 0 left on base; Delmarva 5 - Lansing 10 |
|